 Dungeon Crawl Stone Soup version 0.27-a0-887-gcab673c142 (webtiles) character file.

Game seed: 5162839022822720642

149 sizableburger the Gusty (level 5, -6/31 HPs)
             Began as a Kobold Air Elementalist on Apr 5, 2021.
             Mangled by a wyvern zombie (13 damage)
             ... on level 3 of the Dungeon.
             The game lasted 00:09:09 (3305 turns).

sizableburger the Gusty (Kobold Air Elementalist)   Turns: 3305, Time: 00:09:10

Health: -6/31      AC:  2    Str:  6    XL:     5   Next: 57%
Magic:  8/8        EV: 15    Int: 17    God:
Gold:   60         SH:  0    Dex: 15    Spells: 2/8 levels left

rFire    . . .     SeeInvis .   c - +0 dagger
rCold    . . .     Faith    .   (shield restricted)
rNeg     . . .     Spirit   .   a - +0 robe
rPois    .         Reflect  .   (no helmet)
rElec    .         Harm     .   (no cloak)
rCorr    .         Rampage  .   (no gloves)
Will     .....                  (no boots)
Stlth    +++.......             (no amulet)
HPRegen  0.10/turn              (no ring)
MPRegen  0.11/turn              (no ring)

@: no status effects
A: small, no large weapons, nightstalker 3
a: no special abilities


You were on level 3 of the Dungeon.
You visited 1 branch of the dungeon, and saw 3 of its levels.

You collected 60 gold pieces.

Inventory:

Hand Weapons
 c - a +0 dagger (weapon)
Armour
 a - a +0 robe (worn)
 k - a +0 buckler
Wands
 j - a wand of polymorph (10)
Scrolls
 d - a scroll of blinking {unknown}
 e - 2 scrolls of enchant weapon {unknown}
 f - a scroll of identify {unknown}
 g - a scroll of fear {unknown}
 h - 2 scrolls of teleportation {unknown}
Potions
 i - a potion of degeneration {unknown}


   Skills:
 + Level 2.6 Fighting
 + Level 3.2 Short Blades
 - Level 2.5 Dodging
 - Level 2.6 Stealth
 - Level 2.1 Spellcasting
 + Level 1.7 Conjurations
 + Level 4.0 Air Magic


You had 2 spell levels left.
You knew the following spells:

 Your Spells              Type           Power      Damage    Failure   Level
a - Shock                 Conj/Air       44%        1d5       6%          1
b - Swiftness             Air            15%        N/A       5%          2
c - Static Discharge      Conj/Air       11%        N/A       17%         3

Your spell library contained the following spells:

 Spells                   Type           Power      Damage    Failure   Level
 Airstrike                Air            7%         N/A       34%         4
 Lightning Bolt           Conj/Air       5%         1d17      85%         5


Dungeon Overview and Level Annotations

Branches:
Dungeon (3/15)

Altars:
Dithmenos
Elyvilon


Innate Abilities, Weirdness & Mutations

You are small and have problems with some larger weapons.
You are completely attuned to the shadows.


Message History

The zap hits the ball python.
The ball python is heavily wounded.
The ball python closely misses you. The ball python constricts you.
Unknown command.
You hit the ball python.
You kill the ball python!
No target in view!
Found a whip.
Found a white marble altar of Elyvilon.
A bat comes into view.
The helpless bat fails to defend itself.
You puncture the bat!
You kill the bat!
A worm comes into view.
The helpless worm fails to defend itself.
You impale the worm!!
You kill the worm!
A wyvern zombie comes into view.
A wyvern zombie is nearby!
The wyvern zombie barely misses you. The wyvern zombie bites you!
You hit the wyvern zombie but do no damage.
The wyvern zombie bites you.
Casting: Shock (safe; 6% risk of failure)
Confirm with . or Enter, or press ? or * to list all spells.
Aiming: Shock (safe; 6% risk of failure)
Press: ? - help, Shift-Dir - straight line, f - wyvern zombie
Aim: a wyvern zombie (11% to evade)
Okay, then.
The wyvern zombie closely misses you. The wyvern zombie bites you.
The wyvern zombie barely misses you. The wyvern zombie barely misses you.
The wyvern zombie misses you. The wyvern zombie bites you!
* * * LOW HITPOINT WARNING * * *
Okay, then.
You see here a +0 dagger.
Okay, then.
It was a potion of curing.
You feel better. The wyvern zombie bites you!
You die...

#.# #.# #.# #.#
#.# #.# #.#
#######.#
#.@.....# #.
#Z####### #.###
#.#...# #...
#.#.#.# #..###
#.#.#.# #...#
#.#.#.# #.#.#
#.#.#.# ♣♣ ♣♣.#.##
#.#.#.############
.♣♣ ♣♣.....##
#.#..............#


You could see a wyvern zombie.

Vanquished Creatures
  A scorpion (D:3)
  2 adders (D:2)
  A gnoll (D:2)
  2 worms
  An orc (D:3)
  2 endoplasms (D:1)
  A giant cockroach (D:2)
  7 goblins
  6 hobgoblins
  8 jackals
  4 kobolds
  2 quokkas (D:1)
  5 ball pythons
  5 bats
  2 frilled lizards (D:1)
  6 rats
55 creatures vanquished.

Vanquished Creatures (others)
  2 plants (D:1)
  4 toadstools (D:1)
6 creatures vanquished.

Grand Total: 61 creatures vanquished

Notes
Turn   | Place    | Note
-------+----------+-------------------------------------------
     0 | D:1      | sizableburger the Kobold Air Elementalist began the quest
                  | for the Orb.
     0 | D:1      | Reached XP level 1. HP: 10/10 MP: 3/3
   152 | D:1      | Reached XP level 2. HP: 16/16 MP: 5/5
   511 | D:1      | Reached skill level 1 in Fighting
   511 | D:1      | Reached skill level 1 in Short Blades
   713 | D:1      | Reached XP level 3. HP: 20/20 MP: 0/6
  1267 | D:1      | Learned a level 2 spell: Swiftness
  1732 | D:2      | Learned a level 3 spell: Static Discharge
  1835 | D:2      | Reached XP level 4. HP: 26/26 MP: 1/7
  2577 | D:3      | Found a shadowy altar of Dithmenos.
  2932 | D:3      | Noticed a scorpion
  2938 | D:3      | Killed a scorpion
  2939 | D:3      | Reached skill level 4 in Air Magic
  2939 | D:3      | Reached XP level 5. HP: 17/31 MP: 1/8
  3230 | D:3      | Found a white marble altar of Elyvilon.
  3303 | D:3      | HP: 1/31 [wyvern zombie (11)]
  3305 | D:3      | Mangled by a wyvern zombie

Illustrated notes

Levels and vault maps discovered:
D:1:      ldierk_walled_garden_2, layout_basic
D:2:      layout_rooms
D:3:      layout_basic, lemuel_doored_altar, elyvilon_altar_3

Skill      XL: |  1  2  3  4 |
---------------+-------------+-----
Fighting       | 1 2 |  2.6
Short Blades   | 1 2 3 |  3.2
Air Magic      | 4 |  4.0
Dodging        | |  2.5
Stealth        | |  2.6
Spellcasting   | |  2.1
Conjurations   | |  1.7

Action                   |  1- 3 |  4- 6 || total
-------------------------+-------+-------++-------
Melee: Dagger            |    49 |    23 ||    72
 Cast: Shock             |    54 |    33 ||    87
  Use: Potion            |       |     1 ||     1
 Stab: Sleeping          |     5 |     6 ||    11
Armor: Robe              |     8 |     4 ||    12
Dodge: Dodged            |    87 |    35 ||   122

Table legend: (Time is in decaauts)
 A = Elapsed time spent in this place.
 B = Non-inter-level travel time spent in this place.
 C = Inter-level travel time spent in this place.
 D = Time resting spent in this place.
 E = Time spent auto-exploring this place.
 F = Levels seen in this place.
 G = Mean time per level.
                   A        B        C        D        E       F      G
               +--------+--------+--------+--------+--------+-----+--------+
         Total |   3298 |   3094 |    204 |   1087 |   1506 |   3 | 1099.3 |
       Dungeon |   3298 |   3094 |    204 |   1087 |   1506 |   3 | 1099.3 |
               +--------+--------+--------+--------+--------+-----+--------+

Top non-repeatable levels by time:
     D:1: 1493 daAuts
     D:2: 1051 daAuts
     D:3: 753 daAuts
